 Dungeon Crawl Stone Soup version 0.30-a0-748-ge6a52f7cba (webtiles) character file.

Game seed: 10097685344416485668

10379 hikkokomori the Fighter (level 11, -19/90 HPs)
             Began as a Demonspawn Gladiator on Feb 9, 2023.
             Was a High Priest of Okawaru.
             Killed from afar by an acid dragon (23 damage)
             ... with a splash of acid
             ... on level 10 of the Dungeon.
             The game lasted 00:15:16 (10142 turns).

hikkokomori the Fighter (Demonspawn Gladiator)     Turns: 10142, Time: 00:15:17

Health: -19/90     AC:  4    Str: 15    XL:     11   Next: 35%
Magic:  15/17      EV: 17    Int:  9    God:    Okawaru [*****.]
Gold:   452        SH:  0    Dex: 19    Spells: 10/10 levels left

rFire   . . .      SeeInvis .    a - +0 long sword (venom)
rCold   + . .      Faith    .    (no shield)
rNeg    . . .      Spirit   .    b - +0 leather armour
rPois   .          Reflect  .    (helmet restricted)
rElec   .          Harm     .    o - +1 cloak
rCorr   .          Rampage  .    (no gloves)
Will    .....                    (no boots)
Stlth   ++++                     (no amulet)
HPRegen 0.35/turn                A - +4 ring of protection
MPRegen 0.15/turn                t - ring of protection from cold

@: heroic, corroded
A: horns 1, slimy green scales 2, ignite blood 1, powered by pain 1
a: Renounce Religion, Heroism, Finesse, Duel


You were on level 10 of the Dungeon.
You worshipped Okawaru.
Okawaru was extremely pleased with you.
You visited 2 branches of the dungeon, and saw 11 of its levels.

You collected 452 gold pieces.

Inventory:

Hand Weapons
 a - a +0 long sword of venom (weapon)
 I - a +3 short sword of freezing
Missiles
 d - 3 throwing nets
 e - 11 javelins (quivered)
 z - 2 curare-tipped darts
 K - 9 atropa-tipped darts
Armour
 b - a +0 leather armour (worn)
 c - a +0 helmet
 o - a +1 cloak (worn)
 p - a +0 helmet
Jewellery
 i - a ring of ice
 k - a ring of ice
 r - an amulet of faith
 t - a ring of protection from cold (right hand)
 A - a +4 ring of protection (left hand)
 C - a +6 ring of intelligence
Wands
 s - a wand of roots (13)
 F - a wand of acid (2)
Scrolls
 j - 5 scrolls of magic mapping
 m - a scroll of amnesia
 q - a scroll of immolation
 x - a scroll of poison
 y - 3 scrolls of fog
 B - a scroll of fear
 G - a scroll of blinking {unknown}
 H - 3 scrolls of teleportation
 J - a scroll of enchant weapon {unknown}
Potions
 f - 2 potions of attraction
 g - a potion of flight
 h - 2 potions of curing
 l - a potion of haste
 n - 4 potions of degeneration
 u - 2 potions of berserk rage
 v - a potion of brilliance
 w - 2 potions of might
 D - 2 potions of heal wounds
 E - a potion of lignification


   Skills:
 + Level 9.8(14.8) Fighting
 + Level 9.2(14.2) Long Blades
 + Level 4.4(9.4) Throwing
 - Level 4.2(9.2) Dodging
 - Level 5.1(10.1) Stealth
 + Level 9.1 Invocations
 - Level 5.5 Evocations


You had 10 spell levels left.
You didn't know any spells.
Your spell library contained the following spells:

 Spells                   Type           Power      Damage    Failure   Level
 Apportation              Tloc           0%         N/A       43%         1
 Sting                    Tmut/Pois      0%         1d3       43%         1
 Lesser Beckoning         Tloc           0%         N/A       58%         2
 Poisonous Vapours        Pois/Air       0%         N/A       58%         2
 Sublimation of Blood     Necr           0%         N/A       58%         2
 Wereblood                Tmut           0%         N/A       58%         2
 Gell's Gravitas          Tloc           0%         N/A       82%         3
 Inner Flame              Hex/Fire       0%         N/A       82%         3
 Kindle Blastsparks       Fire/Tloc/Air  0%         2d10      82%         3
 Portal Projectile        Hex/Tloc       0%         N/A       82%         3
 Teleport Other           Tloc           0%         N/A       82%         3
 Cause Fear               Hex            0%         N/A       99%         4
 Fulminant Prism          Conj/Hex       0%         3d5       99%         4
 Iskenderun's Mystic Bla  Conj/Tloc      0%         2d3       99%         4
 Leda's Liquefaction      Hex/Erth       0%         N/A       99%         4
 Olgreb's Toxic Radiance  Pois           0%         N/A       99%         4
 Alistair's Intoxication  Tmut/Pois      0%         N/A       100%        5
 Blade Hands              Tmut           0%         N/A       100%        5
 Lee's Rapid Deconstruct  Erth           0%         3d4*      100%        5
 Discord                  Hex            0%         N/A       100%        8
 Call Canine Familiar     Summ           Unusable   N/A       N/A         3
 Tukima's Dance           Hex            Unusable   N/A       N/A         3
 Summon Hydra             Summ           Unusable   N/A       N/A         7

Dungeon Overview and Level Annotations

Branches:
Dungeon (10/15)            Temple (1/1) D:4            Lair (0/5) D:9
    Orc: D:9-12

Altars:
Ashenzari
Dithmenos
Fedhas
Gozag
Hepliaklqana
Makhleb
Okawaru
Qazlal
Ru
Sif Muna
Trog
Uskayaw
Vehumet
Wu Jian
Xom
Yredelemnul

Shops:
D:9 :

Annotations:
D:3 4 runed translucent doors, Dittersdorf's ghost, amateur GrFi; JumpingJurisdiction's ghost, weakling DrVM
D:6 3 runed translucent doors, GiantSquids's ghost, novice HOMo


Innate Abilities, Weirdness & Mutations

You have a pair of small horns on your head.
You are mostly covered in slimy green scales. (AC +3)
Your demonic aura sometimes causes spilled blood to erupt in flames.
You sometimes gain a little power by taking damage.


Message History

j - 5 scrolls of magic mapping (gained 1)
w - 2 potions of might (gained 1)
The acid dragon spits acid at you. The splash of acid hits you.
The acid corrodes you!
Found an iron wand.
The acid dragon spits acid at you. The splash of acid hits you!
The acid corrodes you!
You hit the acid dragon. Your headbutt misses the acid dragon.
The acid dragon is moderately wounded.
The acid dragon bites you.
* * * LOW HITPOINT WARNING * * *
The acid dragon claws you.
* * * LOW HITPOINT WARNING * * *
You closely miss the acid dragon.
The acid dragon is moderately wounded.
The acid dragon barely misses you.
The acid dragon claws you but does no damage.
You slash the acid dragon!
The acid dragon is heavily wounded.
The acid dragon barely misses you.
The acid dragon claws you but does no damage.
You hit the acid dragon.
You headbutt the acid dragon, but do no damage.
The acid dragon is severely wounded.
The acid dragon spits acid at you. The splash of acid hits you!!
* * * LOW HITPOINT WARNING * * *
Okay, then.
Okay, then.
You hit the acid dragon.
The acid dragon is severely wounded.
The acid dragon barely misses you. The acid dragon closely misses you.
You gain the combat prowess of a mighty hero.
The acid dragon misses you. The acid dragon closely misses you.
You hit the acid dragon.
You headbutt the acid dragon, but do no damage.
The acid dragon is almost dead.
The acid dragon spits acid at you. The splash of acid hits you!!
You die...

#)# .. #.#
..########)#
.........))#
.........†.#
...........#
...........#
.......!..>#
......D@...#
...........#
...........#
...........#
...........#
..>........#
...........#
........../#


You could see an acid dragon (catching breath).

Vanquished Creatures
  2 two-headed ogres
  A death yak (D:8)
  A rime drake (D:9)
  A polar bear (D:8)
  Prince Ribbit (D:7)
  A wyvern (D:9)
  24 yaks
  Eustachio (D:4)
  2 steam dragons
  A water moccasin (D:8)
  2 orc warriors
  5 ice beasts
  3 wolves (D:9)
  An ogre (D:5)
  A centaur (D:6)
  2 phantoms
  A gnoll sergeant (D:5)
  2 kobold brigands
  A necrophage (D:6)
  5 bullfrogs
  18 wights
  A howler monkey (D:6)
  An electric eel (D:8)
  2 jellies
  A gnoll bouda (D:9)
  A human zombie (D:3)
  3 hounds
  9 orc priests
  3 iguanas
  9 orc wizards
  14 gnolls
  6 adders
  2 white imps
  4 ufetubi
  A worm (D:3)
  3 dart slugs
  49 orcs
  4 ball pythons
  5 bats
  5 endoplasms
  A giant cockroach (D:4)
  4 hobgoblins
  6 jackals
  18 kobolds
  3 quokkas
  A frilled lizard (D:2)
  2 goblins
  A goblin zombie (D:3)
  A kobold zombie (D:3)
  5 rats
241 creatures vanquished.

Vanquished Creatures (others)
  An orc (D:8)
1 creature vanquished.

Grand Total: 242 creatures vanquished

Notes
Turn   | Place    | Note
-------+----------+-------------------------------------------
     0 | D:1      | hikkokomori the Demonspawn Gladiator began the quest for
                  | the Orb.
     0 | D:1      | Reached XP level 1. HP: 16/16 MP: 1/1
   363 | D:1      | Gained mutation: You are partially covered in slimy green
                  | scales. (AC +2) [demonic ancestry]
   363 | D:1      | Reached XP level 2. HP: 22/22 MP: 2/2
  1254 | D:2      | Reached XP level 3. HP: 28/28 MP: 3/3
  1660 | D:3      | Reached XP level 4. HP: 30/35 MP: 4/4
  2021 | D:3      | Found a runed translucent gate.
  2022 | D:3      | Found a runed translucent gate.
  2022 | D:3      | Found a runed translucent gate.
  2022 | D:3      | Noticed Dittersdorf's ghost (amateur GrFi)
  2022 | D:3      | Noticed JumpingJurisdiction's ghost (weakling DrVM)
  2217 | D:3      | Gained mutation: You have a pair of small horns on your
                  | head. [demonic ancestry]
  2217 | D:3      | Reached XP level 5. HP: 26/41 MP: 5/5
  2299 | D:3      | Found a faded altar of an unknown god.
  2449 | D:3      | Found a runed translucent door.
  2449 | D:3      | Noticed a human
  2452 | D:3      | Found a basalt altar of Yredelemnul.
  2572 | D:3      | Found a faded altar of an unknown god.
  2658 | D:3      | Found a sacrificial altar of Ru.
  2766 | D:4      | Noticed Eustachio
  2778 | D:4      | Killed Eustachio
  2779 | D:4      | Reached XP level 6. HP: 35/48 MP: 6/6
  2932 | D:4      | Found a staircase to the Ecumenical Temple.
  2943 | Temple   | Entered the Ecumenical Temple
  2957 | Temple   | Became a worshipper of Warmaster Okawaru
  3468 | D:5      | Entered Level 5 of the Dungeon
  3564 | D:5      | Reached skill level 1 in Stealth
  4001 | D:5      | Gained mutation: You sometimes gain a little power by
                  | taking damage. [demonic ancestry]
  4001 | D:5      | Reached XP level 7. HP: 14/55 MP: 7/7
  4374 | D:5      | Reached skill level 5 in Fighting
  4377 | D:5      | Reached skill level 5 in Long Blades
  4599 | D:6      | Reached * piety under Okawaru
  4761 | D:6      | Reached XP level 8. HP: 52/64 MP: 8/8
  5320 | D:6      | Found a runed translucent gate.
  5320 | D:6      | Found a runed translucent gate.
  5321 | D:6      | Noticed GiantSquids's ghost (novice HOMo)
  5322 | D:6      | Noticed a kobold demonologist
  5322 | D:6      | Found a runed translucent gate.
  5491 | D:6      | Reached ** piety under Okawaru
  5772 | D:7      | Noticed Prince Ribbit
  5867 | D:7      | Killed Prince Ribbit
  6105 | D:7      | Reached skill level 5 in Stealth
  6105 | D:7      | Reached skill level 1 in Evocations
  6277 | D:7      | Reached skill level 1 in Invocations
  6367 | D:7      | Reached *** piety under Okawaru
  6368 | D:7      | Gained mutation: Your demonic aura sometimes causes spilled
                  | blood to erupt in flames. [demonic ancestry]
  6368 | D:7      | Reached XP level 9. HP: 53/71 MP: 10/10
  6528 | D:7      | Found a shimmering blue altar of Sif Muna.
  6742 | D:7      | Reached **** piety under Okawaru
  6844 | D:7      | You fall into a shaft and drop 1 floor!
  6883 | D:8      | Reached skill level 5 in Invocations
  6899 | D:8      | Reached XP level 10. HP: 13/80 MP: 12/14
  6905 | D:8      | HP: 2/80 [yak (8)]
  7211 | D:8      | Found a hazy altar of Hepliaklqana.
  7223 | D:8      | Reached ***** piety under Okawaru
  7375 | D:8      | Reached skill level 5 in Evocations
  7819 | D:8      | Received a gift from Okawaru
  7850 | D:8      | Found an ornate altar of the Wu Jian Council.
  7923 | D:8      | Found a broken altar of Ashenzari.
  8222 | D:8      | Noticed a death yak
  8237 | D:8      | Killed a death yak
  8961 | D:9      | Found Ybbet's Tremendous Tomes.
  8994 | D:9      | Found a staircase to the Lair.
  9008 | D:9      | Noticed a two-headed ogre
  9048 | D:9      | Killed a two-headed ogre
  9136 | D:9      | Received a gift from Okawaru
  9357 | D:9      | Gained mutation: You are mostly covered in slimy green
                  | scales. (AC +3) [demonic ancestry]
  9357 | D:9      | Reached XP level 11. HP: 70/89 MP: 17/17
  9719 | D:9      | Received a gift from Okawaru
  9970 | D:10     | Entered Level 10 of the Dungeon
 10002 | D:10     | Found a hide-covered altar of Uskayaw.
 10009 | D:10     | Identified the +8 short sword of Zyseit {venom, *Slow rC+
                  | rCorr Int+2}
 10109 | D:10     | Noticed a two-headed ogre
 10111 | D:10     | Killed a two-headed ogre
 10139 | D:10     | HP: 3/90 [acid dragon/splash of acid (21)]
 10142 | D:10     | Killed from afar by an acid dragon

Illustrated notes

Levels and vault maps discovered:
D:1:      matt_arrival_los_fun, layout_basic, minivault_11
D:2:      minmay_door_path, layout_loops_ring
D:3:      layout_basic, nicolae_overflow_ecumenical_swirl,
          dk_yredelemnul_ordeal, hellmonk_ecumenical_altar_defaced_shrine,
          gammafunk_ghost_cemetery
D:4:      layout_loops_ring, minmay_temple_entry_ruins, roderic_roman_lattice,
          hangedman_decor_push, uniq_eustachio
D:5:      layout_cave_pools
D:6:      layout_loops_ring, serial_rivers, chequers_serial_rivers_small_3,
          chequers_serial_rivers_room_b, chequers_serial_rivers_small_3,
          chequers_serial_rivers_marsh, gammafunk_ghost_nasty_kobolds
D:7:      layout_basic, lemuel_crystal_altar, mainiacjoe_overflow_boulevard,
          uniq_prince_ribbit1
D:8:      layout_loops_corners, mainiacjoe_overflow_brackets,
          nicolae_overflow_squiral, serial_ice, serial_ice_d, serial_ice_e,
          serial_ice_m, serial_ice_o
D:9:      layout_rooms, hellmonk_lair_entry_icy, nicolae_shop_i_like_big_books
D:10:     layout_long_grid, eat_drink_and_be_merry_uskayaw,
          gammafunk_ghost_grave
Temple:   nicolae_temple_two_arcs

Skill      XL: |  1  2  3  4  5  6  7  8  9 10 11 |
---------------+----------------------------------+-----
Dodging        | 3 4 |  4.2
Long Blades    | 3 4 5 6 7 8 9 |  9.2
Fighting       | 3 4 5 6 8 9 |  9.8
Stealth        | 2 3 5 |  5.1
Evocations     | 2 4 5 |  5.5
Invocations    | 1 5 8 9 |  9.1
Throwing       | 3 4 |  4.4

Action                     |  1- 3 |  4- 6 |  7- 9 | 10-12 || total
---------------------------+-------+-------+-------+-------++-------
  Melee: Long sword        |    90 |   134 |   284 |   302 ||   810
         Punch             |     1 |     1 |     5 |     4 ||    11
         Headbutt          |       |    17 |    62 |    90 ||   169
  Throw: Javelin           |       |       |    10 |     2 ||    12
         Throwing net      |       |       |     1 |       ||     1
         Dart              |       |       |       |     8 ||     8
 Invoke: Heroism           |       |       |       |     3 ||     3
  Evoke: Wand              |       |     2 |    11 |     2 ||    15
    Use: Scroll            |     6 |     5 |     8 |     8 ||    27
         Potion            |       |     1 |       |       ||     1
   Stab: Sleeping          |     3 |     2 |     5 |     6 ||    16
 Armour: Leather armour    |    44 |    54 |    93 |    98 ||   289
  Dodge: Dodged            |    63 |   123 |   195 |   210 ||   591

Table legend: (Time is in decaauts)
 A = Elapsed time spent in this place.
 B = Non-inter-level travel time spent in this place.
 C = Inter-level travel time spent in this place.
 D = Time resting spent in this place.
 E = Time spent auto-exploring this place.
 F = Levels seen in this place.
 G = Mean time per level.
                   A        B        C        D        E       F      G
               +--------+--------+--------+--------+--------+-----+--------+
         Total |  10229 |   9852 |    377 |    412 |   7470 |  11 |  929.9 |
       Dungeon |  10204 |   9843 |    361 |    412 |   7466 |  10 | 1020.4 |
        Temple |     24 |      8 |     16 |      0 |      4 |   1 |   24.0 |
               +--------+--------+--------+--------+--------+-----+--------+

Top non-repeatable levels by time:
     D:8: 1929 daAuts
     D:6: 1301 daAuts
     D:9: 1189 daAuts
     D:3: 1155 daAuts
     D:5: 1125 daAuts
     D:7: 1002 daAuts
     D:2: 957 daAuts
     D:4: 709 daAuts
     D:1: 665 daAuts
    D:10: 170 daAuts
  Temple: 24 daAuts
